 Dungeon Crawl Stone Soup version 0.28.0-43-g3370ac3207 (webtiles) character file.

Game seed: 10340713202347100723

272 Gabide the Chiller (level 5, 0/41 HPs)
             Began as a Demigod Ice Elementalist on Mar 29, 2022.
             Slain by Natasha (8 damage)
             ... on level 2 of the Dungeon.
             The game lasted 00:04:03 (2655 turns).

Gabide the Chiller (Demigod Ice Elementalist)       Turns: 2655, Time: 00:04:04

Health: 0/41       AC: 10    Str:  9    XL:     5   Next: 71%
Magic:  9/22       EV: 12    Int: 21    God:
Gold:   47         SH:  0    Dex: 14    Spells: 4/11 levels left

rFire   . . .      SeeInvis .   k - +1 dagger (protect)
rCold   . . .      Faith    .   (no shield)
rNeg    . . .      Spirit   .   a - +0 robe
rPois   .          Reflect  .   i - +0 helmet
rElec   .          Harm     .   e - +0 cloak
rCorr   .          Rampage  .   (no gloves)
Will    .....                   (no boots)
Stlth   ++........              (no amulet)
HPRegen 0.13/turn               j - ring of magical power
MPRegen 0.18/turn               (no ring)

@: ice-armoured, freezing walls
A: high MP 1, forlorn, divine attributes
a: no special abilities


You were on level 2 of the Dungeon.
You visited 1 branch of the dungeon, and saw 2 of its levels.

You collected 47 gold pieces.

Inventory:

Hand Weapons
 k - a +1 dagger of protection (weapon)
Armour
 a - a +0 robe (worn)
 e - a +0 cloak (worn)
 i - a +0 helmet (worn)
Jewellery
 j - a ring of magical power (left hand)
Scrolls
 b - a scroll of brand weapon {unknown}
 d - a scroll of enchant weapon {unknown}
 m - a scroll of summoning {unknown}
Potions
 c - a potion of might {unknown}
 f - a potion of heal wounds {unknown}
 g - 2 potions of flight {unknown}
 h - a potion of attraction {unknown}
 l - a potion of curing {unknown}


   Skills:
 * Level 1.7 Fighting
 * Level 2.2 Dodging
 + Level 1.8 Stealth
 * Level 3.6 Spellcasting
 * Level 4.9 Ice Magic


You had 4 spell levels left.
You knew the following spells:

 Your Spells              Type           Power      Damage    Failure   Level
a - Freeze                Ice            96%        1d11      1%          1
b - Frozen Ramparts       Ice            48%        1d6       4%          3
c - Ozocubu's Armour      Ice            24%        N/A       4%          3

Your spell library contained the following spells:

 Spells                   Type           Power      Damage    Failure   Level
 Gell's Gravitas          Tloc           3%         N/A       36%         3
 Teleport Other           Tloc           3%         N/A       36%         3
 Hailstorm                Conj/Ice       14%        3d5       41%         4
 Airstrike                Air            1%         N/A       77%         4
 Summon Lightning Spire   Summ/Air       3%         N/A       77%         4
 Lightning Bolt           Conj/Air       1%         1d12      98%         5
 Dispersal                Tloc           1%         N/A       100%        6


Dungeon Overview and Level Annotations

Branches:
Dungeon (2/15)

Annotations:
D:2 Natasha


Innate Abilities, Weirdness & Mutations

You have an increased reservoir of magic. (+10% MP)
You shall have no god before yourself.
Your divine heritage dramatically boosts your attributes as you level up.


Message History

Unknown command.
Aiming: Freeze (safe; 1% risk of failure)
Press: ? - help, Q - select action, (/) - cycle Shift-Dir - straight line, f/p - Sigmund
Aim: Sigmund, wielding a +0 scythe and wearing a +0 robe (heavily wounded)
You freeze Sigmund!
Sigmund is severely wounded.
The wall freezes Sigmund.
Sigmund points at you and mumbles some strange words.
The puff of flame hits you!
* * * LOW HITPOINT WARNING * * *
Aiming: Freeze (safe; 1% risk of failure)
Press: ? - help, Q - select action, (/) - cycle Shift-Dir - straight line, f/p - Sigmund
Aim: Sigmund, wielding a +0 scythe and wearing a +0 robe (severely wounded)
You freeze Sigmund!
You kill Sigmund!
Your Dodging skill increases to level 2!
Your Spellcasting skill increases to level 3!
You have reached level 5!
You start resting.
The frozen ramparts melt away.
You start resting.
Natasha, Servant of Life and Death comes into view.
Natasha is nearby!
m - a scroll labelled CYONANN IXZUN Your magical contamination has completely faded away.
You start resting.
Natasha is nearby!
You start resting.
Natasha is nearby!
Casting: Freeze (safe; 1% risk of failure)
Confirm with . or Enter, or press ? or * to list all spells.
Casting: Frozen Ramparts (dangerous; 4% risk of failure)
Press: ? - help, Dir - look around, f - activate The walls around you are covered in ice.
Natasha hisses angrily.
The wall freezes Natasha.
Natasha claws you.
* * * LOW HITPOINT WARNING * * *
Casting: Frozen Ramparts (dangerous; 4% risk of failure)
Confirm with . or Enter, or press ? or * to list all spells.
A film of ice covers your body!
The wall freezes Natasha.
Natasha claws you!
You die...

########## #.........
###### #.........
.....############)........
...............h@.....>...
.....#....$.....#....#.##
.....#..........#####.....
.....#..........# ....
...................# ..
...[..#########.##....h
....†.# #.# ###. ......#
... ......# .##


You could see Natasha.

Vanquished Creatures
  Sigmund (D:2)
  Natasha (D:2)
  Robin (D:2)
  3 gnolls
  2 dart slugs (D:1)
  3 endoplasms (D:1)
  2 giant cockroaches
  13 goblins
  8 hobgoblins
  3 quokkas
  5 ball pythons
  6 bats
  A frilled lizard (D:2)
  A kobold (D:1)
  3 rats
53 creatures vanquished.

Notes
Turn   | Place    | Note
-------+----------+-------------------------------------------
     0 | D:1      | Gabide the Demigod Ice Elementalist began the quest for the
                  | Orb.
     0 | D:1      | Reached XP level 1. HP: 14/14 MP: 5/5
   303 | D:1      | Reached XP level 2. HP: 20/20 MP: 4/7
   563 | D:1      | Reached skill level 4 in Ice Magic
  1164 | D:2      | Noticed Robin
  1169 | D:2      | Reached XP level 3. HP: 23/26 MP: 6/9
  1743 | D:2      | Killed Robin
  2198 | D:1      | Learned a level 3 spell: Frozen Ramparts
  2202 | D:1      | Learned a level 3 spell: Ozocubu's Armour
  2365 | D:2      | Reached XP level 4. HP: 32/34 MP: 11/11
  2400 | D:2      | Noticed Natasha
  2407 | D:2      | Killed Natasha
  2408 | D:2      | Reached skill level 1 in Fighting
  2616 | D:2      | Noticed Sigmund
  2628 | D:2      | Killed Sigmund
  2629 | D:2      | Reached XP level 5. HP: 9/41 MP: 11/13
  2631 | D:2      | Noticed Natasha
  2655 | D:2      | Slain by Natasha

Illustrated notes

Levels and vault maps discovered:
D:1:      lordsloth_arrival_two_stooges, layout_basic
D:2:      layout_basic, uniq_sigmund, uniq_robin, uniq_natasha

Skill      XL: |  1  2  3  4 |
---------------+-------------+-----
Spellcasting   | 2 3 |  3.6
Ice Magic      | 4 |  4.9
Fighting       | 1 |  1.7
Dodging        | 2 |  2.2
Stealth        | |  1.8

Action                   |  1- 3 |  4- 6 || total
-------------------------+-------+-------++-------
Melee: Unarmed           |     9 |       ||     9
       Dagger            |       |     1 ||     1
 Cast: Freeze            |    72 |    10 ||    82
       Frozen Ramparts   |     1 |     4 ||     5
       Ozocubu's Armour  |     1 |     2 ||     3
Armor: Robe              |    22 |     1 ||    23
Dodge: Dodged            |    60 |     4 ||    64
